 Dungeon Crawl Stone Soup version 0.28.0-53-g5a82cb258f (webtiles) character file.

Game seed: 9144717695909534764

2202 raph the Spear-Bearer (level 9, 0/68 HPs)
             Began as a Merfolk Gladiator on June 12, 2022.
             Was a Follower of Makhleb.
             Slain by a sixfirhy (10 damage)
             ... summoned by a kobold demonologist
             ... on level 5 of the Dungeon.
             The game lasted 00:12:43 (7201 turns).

raph the Spear-Bearer (Merfolk Gladiator)           Turns: 7201, Time: 00:12:44

Health: 0/68       AC:  7    Str: 17    XL:     9   Next: 34%
Magic:  9/9        EV: 20    Int:  2    God:    Makhleb [*.....]
Gold:   168        SH:  0    Dex: 33    Spells: 8/8 levels left

rFire   + . .      SeeInvis .   a - +2 trident
rCold   + . .      Faith    .   l - orb {light}
rNeg    . . .      Spirit   .   b - +0 leather armour
rPois   .          Reflect  .   c - +1 helmet
rElec   .          Harm     .   q - +1 cloak
rCorr   .          Rampage  .   (no gloves)
Will    .....                   (no boots)
Stlth   ++........              (no amulet)
HPRegen 0.21/turn               v - +6 ring of dexterity
MPRegen 0.11/turn               p - ring of the Prince of Darkness {rF+ rC+ Str+2 Int-5 Dex+8}

@: lethally poisoned (0 -> -15), hasted and slowed, glowing
A: (nimble swimmer 2), mertail
a: Renounce Religion


You were on level 5 of the Dungeon.
You worshipped Makhleb.
Makhleb was aware of your devotion.
You visited 2 branches of the dungeon, and saw 7 of its levels.
You also visited: Sewer.

You collected 403 gold pieces.
You spent 235 gold pieces at shops.

Inventory:

Hand Weapons
 a - a +2 trident (weapon)
Missiles
 d - 2 throwing nets (quivered)
 j - a poisoned dart
Armour
 b - a +0 leather armour (worn)
 c - a +1 helmet (worn)
 l - an orb of light (worn)
 q - a +1 cloak (worn)
Jewellery
 n - a ring of magical power
 o - a ring of ice
 p - the ring of the Prince of Darkness (right hand) {rF+ rC+ Str+2 Int-5 Dex+8}
   (You found it on level 4 of the Dungeon)

   [ring of protection from cold]

   Str:       It affects your strength (+2).
   Int:       It affects your intelligence (-5).
   Dex:       It affects your dexterity (+8).
   rF:        It protects you from fire.
   rC:        It protects you from cold.
 t - a ring of resist corrosion
 v - a +6 ring of dexterity (left hand)
 w - a +6 ring of strength
Scrolls
 i - a scroll of immolation
 u - a scroll of identify
 x - a scroll of magic mapping
Potions
 e - a potion of haste
 f - a potion of mutation
 g - 2 potions of heal wounds
 h - 3 potions of lignification
 k - 3 potions of curing
 m - 8 potions of flight
 r - a potion of cancellation {unknown}
 s - a potion of might


   Skills:
 + Level 5.1 Fighting
 * Level 12.4 Polearms
 - Level 2.0 Throwing
 + Level 3.1 Armour
 + Level 7.0 Dodging
 + Level 5.0 Stealth


You had 8 spell levels left.
You didn't know any spells.
Your spell library contained the following spells:

 Spells                   Type           Power      Damage    Failure   Level
 Frozen Ramparts          Ice            0%         1d2       93%         3
 Ozocubu's Armour         Ice            0%         N/A       93%         3
 Ice Form                 Ice/Tmut       0%         N/A       100%        4
 Summon Ice Beast         Ice/Summ       0%         N/A       100%        4
 Ozocubu's Refrigeration  Ice            0%         4d5       100%        7


Dungeon Overview and Level Annotations

Branches:
Dungeon (6/15)             Temple (1/1) D:5           Sewer (visited)

Altars:
Ashenzari
Gozag
Makhleb
Uskayaw

Shops:
D:2 [   D:4 *   D:5 ?   D:6 ?


Innate Abilities, Weirdness & Mutations

((You are very nimble when in or above water. (Stealth+, EV+, Speed+++)))
Your lower body shifts to a powerful aquatic tail in water.


Message History

You have difficulty breathing.
You feel as though you will be slow longer.
The kobold throws a stone.
The stone completely misses you.
The stone closely misses the rust devil.
The quasit completely misses you. x2; The quasit misses you.
You barely miss the kobold demonologist.
The kobold demonologist is heavily wounded.
* * * LOW HITPOINT WARNING * * *
You feel extremely sick.
The kobold demonologist barely misses you.
The ynoxinul gestures.
The quasit closely misses you. The quasit misses you.
The quasit closely misses you. The rust devil completely misses you.
The kobold demonologist misses you.
* * * LOW HITPOINT WARNING * * *
You feel extremely sick.
The kobold brigand throws a poisoned dart.
The poisoned dart closely misses you. The ufetubus closely misses you.
The ufetubus misses you. x2; The ufetubus barely misses you.
Okay, then.
You feel much better.
You feel extremely sick. The ufetubus barely misses you.
The ufetubus hits you but does no damage.
The kobold demonologist mumbles some strange words.
The rust devil barely misses you. The kobold brigand closely misses you.
The ufetubus misses you. The ufetubus completely misses you.
The kobold demonologist hits you with a +0 dagger.
* * * LOW HITPOINT WARNING * * *
Okay, then.
Unknown command.
Unknown command.
Okay, then.
You feel yourself speed up.
* * * LOW HITPOINT WARNING * * *
You feel extremely sick. The sixfirhy hits you.
* * * LOW HITPOINT WARNING * * *
The sixfirhy shocks you!
You die... ≈≈≈.................# #........ ≈≈≈≈≈...............# #........ ≈≈≈≈≈≈.#######.####.# #........ ≈≈≈≈≈≈.# #.####.#######...... ≈≈≈≈≈≈)#######)#.......# ######. ≈≈≈≈≈≈.................# ####. ≈≈≈≈≈............[.....# #.K.K ≈≈≈............KK3.....# #.KKK

≈.............KK@5.....#
#.5.5
..............KK45.....#
#....
..............)355.....#
##...
......#########........#
#... ......# ##.......#
#... ......#
##..#.##########...
......#
#.............##...
#######
#.....^.......##...
#............>##...


You could see a rust devil (summoned), a kobold demonologist, a sixfirhy
(summoned), a ynoxinul (summoned), 4 kobold brigands, a quasit (summoned), 3
ufetubi and a kobold.

Vanquished Creatures
  4 yaks (D:5)
  Eustachio (D:5)
  Edmund (D:5)
  A water moccasin (D:5)
  2 black bears
  A sky beast (D:6)
  An ogre (D:5)
  2 phantoms
  4 scorpions
  A jelly (D:6)
  A centaur skeleton (D:6)
  An orc priest (D:5)
  3 hounds
  Ijyb (D:3)
  2 iguanas
  11 adders
  5 river rats (Sewer)
  2 shadow imps
  A white imp (D:5)
  An ufetubus (D:6)
  4 worms
  5 orcs
  10 endoplasms
  6 giant cockroaches
  5 goblins
  5 hobgoblins
  9 jackals
  6 kobolds
  7 quokkas
  11 ball pythons
  13 bats
  4 frilled lizards
  5 rats
136 creatures vanquished.

Notes
Turn   | Place    | Note
-------+----------+-------------------------------------------
     0 | D:1      | raph the Merfolk Gladiator began the quest for the Orb.
     0 | D:1      | Reached XP level 1. HP: 16/16 MP: 1/1
   237 | D:1      | Found a faded altar of an unknown god.
   254 | D:1      | Reached skill level 5 in Polearms
   372 | D:1      | Reached XP level 2. HP: 22/22 MP: 2/2
   945 | D:2      | Found Jikoashe's Armour Shoppe.
  1197 | D:2      | Reached skill level 6 in Polearms
  1197 | D:2      | Reached XP level 3. HP: 27/27 MP: 3/3
  1864 | D:3      | Reached skill level 7 in Polearms
  1864 | D:3      | Reached XP level 4. HP: 26/33 MP: 4/4
  2204 | D:3      | Found a glowing drain.
  2212 | Sewer    | Entered a sewer
  2505 | Sewer    | Reached skill level 8 in Polearms
  2505 | Sewer    | Reached XP level 5. HP: 21/38 MP: 5/5
  2514 | Sewer    | HP: 1/38 [river rat (3)]
  3531 | D:2      | Bought a +0 cloak for 54 gold pieces
  3728 | D:3      | Reached skill level 9 in Polearms
  3742 | D:3      | Reached XP level 6. HP: 45/45 MP: 6/6
  3816 | D:3      | Found a hide-covered altar of Uskayaw.
  3818 | D:3      | Noticed Ijyb
  3826 | D:3      | Paralysed by Ijyb for 3 turns
  3846 | D:3      | Killed Ijyb
  3847 | D:3      | Reached skill level 1 in Stealth
  4201 | D:4      | Found Qoan's Fire Supplies.
  4208 | D:4      | Identified the ring of the Prince of Darkness {rF+ rC+
                  | Str+2 Int-5 Dex+8}
  4522 | D:4      | Noticed a black bear
  4530 | D:4      | Killed a black bear
  4531 | D:4      | Reached skill level 1 in Armour
  4674 | D:4      | Found a burning altar of Makhleb.
  4769 | D:4      | Found a broken altar of Ashenzari.
  4938 | D:4      | Reached XP level 7. HP: 51/51 MP: 7/7
  4947 | D:4      | Became a worshipper of Makhleb the Destroyer
  4952 | D:5      | Entered Level 5 of the Dungeon
  4957 | D:5      | Found a staircase to the Ecumenical Temple.
  4992 | D:5      | Noticed Edmund
  4994 | D:5      | Found Naffenis's Magic Scroll Emporium.
  5023 | D:5      | Reached skill level 10 in Polearms
  5055 | D:5      | Noticed a yak
  5056 | D:5      | Noticed a yak
  5057 | D:5      | Noticed a yak
  5057 | D:5      | Noticed a yak
  5110 | D:5      | Killed a yak
  5111 | D:5      | Reached skill level 5 in Dodging
  5124 | D:5      | Killed a yak
  5125 | D:5      | Reached XP level 8. HP: 30/60 MP: 8/8
  5133 | Temple   | Entered the Ecumenical Temple
  5419 | D:5      | Killed a yak
  5425 | D:5      | Killed a yak
  5426 | D:5      | Reached skill level 11 in Polearms
  5500 | D:5      | Bought a scroll of teleportation for 33 gold pieces
  5500 | D:5      | Bought a scroll of enchant weapon for 82 gold pieces
  5500 | D:5      | Bought a scroll of identify for 22 gold pieces
  5500 | D:5      | Bought a scroll of identify for 22 gold pieces
  5500 | D:5      | Bought a scroll of identify for 22 gold pieces
  5663 | D:5      | Noticed a kobold demonologist
  6171 | D:6      | Identified the +4 dagger of Chagrin {vorpal, rC- Str+9
                  | Dex-2 SInv}
  6188 | D:6      | Found an opulent altar of Gozag.
  6529 | D:6      | Found Koesey's Magic Scroll Boutique.
  6600 | D:6      | Reached XP level 9. HP: 65/66 MP: 9/9
  6740 | D:5      | Killed Edmund
  6741 | D:5      | Reached skill level 12 in Polearms
  6883 | D:5      | Reached skill level 5 in Fighting
  6886 | D:5      | Noticed Eustachio
  6902 | D:5      | Killed Eustachio
  6907 | D:5      | Reached * piety under Makhleb
  7052 | D:5      | Reached skill level 5 in Stealth
  7192 | D:5      | Noticed a rust devil
  7201 | D:5      | Noticed a sixfirhy
  7201 | D:5      | Slain by a sixfirhy

Illustrated notes

Levels and vault maps discovered:
D:1:      lightli_arrival_quake, layout_loops_cross,
          ebering_ecumenical_altar_petrified
D:2:      layout_rooms, serial_shops, shop_fountains, minmay_splitting_lines,
          chequers_serial_rivers_small_a, minmay_cut_off
D:3:      layout_basic, mainiacjoe_overflow_catwalk, gup_sewer_entry_bubbles,
          minmay_between, uniq_ijyb
D:4:      layout_basic, cheibrodos_ashenzari_chains,
          mainiacjoe_overflow_tiny_flanked, nicolae_shop_fire_sale
          [nicolae_sub_dead_trees], minmay_close_crescents
D:5:      layout_basic, temple_pool_b, serial_shops, nicolae_shop_stone,
          minmay_lizard_king, uniq_edmund, uniq_eustachio
D:6:      layout_loops_cross, mainiacjoe_overflow_24_doors, serial_shops,
          nicolae_shop_advertising_works [nicolae_subvault_shop_adworks]
Temple:   jpeg_temple_alley_garden

Skill      XL: |  1  2  3  4  5  6  7  8  9 |
---------------+----------------------------+-----
Polearms       | 5 6 7 8 9 10 11 12 | 12.4
Stealth        | 1 3 4 5 |  5.0
Armour         | 1 2 3 |  3.1
Fighting       | 3 4 5 |  5.1
Dodging        | 5 6 7 |  7.0
Throwing       | |  2.0

Action                   |  1- 3 |  4- 6 |  7- 9 || total
-------------------------+-------+-------+-------++-------
Melee: Trident           |    94 |   235 |   208 ||   537
       Punch             |     1 |       |       ||     1
       Tailslap          |       |     9 |     4 ||    13
Throw: Throwing net      |       |     1 |     2 ||     3
       Dart              |       |       |     6 ||     6
  Use: Scroll            |     4 |     5 |    10 ||    19
       Potion            |       |     1 |     2 ||     3
 Stab: Sleeping          |     2 |     1 |     1 ||     4
       Distracted        |     1 |       |     1 ||     2
Armor: Leather armour    |    18 |    40 |    41 ||    99
Dodge: Dodged            |    34 |   138 |   183 ||   355
